 Dungeon Crawl Stone Soup version 0.27-a0-1232-gc6a4cbde82 (webtiles) character file.

Game seed: 7482954254123393496

1236 christhawk the Stinger (level 8, -7/72 HPs)
             Began as a Black Draconian Venom Mage on June 8, 2021.
             Mangled by an orc warrior
             ... wielding a +0 broad axe
              (20 damage)
             ... on level 8 of the Dungeon.
             The game lasted 00:25:03 (5430 turns).

christhawk the Stinger (Black Draconian Venom Mage) Turns: 5430, Time: 00:25:03

Health: -7/72      AC:  7    Str: 13    XL:     8   Next: 24%
Magic:  12/14      EV: 12    Int: 16    God:
Gold:   31         SH:  5    Dex: 11    Spells: 8/15 levels left

rFire    . . .     SeeInvis .   a - +10 halberd "Tormentor" {flame, rPois Stlth+}
rCold    . . .     Faith    .   (shield currently unavailable)
rNeg     . . .     Spirit   .   (armour unavailable)
rPois    +         Reflect  +   (helmet restricted)
rElec    +         Harm     .   (no cloak)
rCorr    .         Rampage  .   i - +0 pair of gloves
Will     .....                  (no boots)
Stlth    +++.......             d - amulet of reflection
HPRegen  0.22/turn              (no ring)
MPRegen  0.14/turn              (no ring)

@: mighty
A: breathe lightning, AC +6, unfitting armour, electricity resistance,
cold-blooded, stinger 1, passive freeze, robust 1
a: Breathe Lightning


You were on level 8 of the Dungeon.
You visited 1 branch of the dungeon, and saw 6 of its levels.
You also visited: Sewer.

You collected 171 gold pieces.
You spent 140 gold pieces at shops.

Inventory:

Hand Weapons
 a - the +10 halberd "Tormentor" (weapon) {flame, rPois Stlth+}
   (You acquired it on level 4 of the Dungeon)

   It has been specially enchanted to burn those struck by it, causing extra
   injury to most foes and up to half again as much damage against particularly
   susceptible opponents.
   Big, fiery blades are also staple armaments of hydra-hunters.
   It protects you from poison.
   It makes you more stealthy.
Missiles
 b - 3 throwing nets
 c - 8 curare-tipped darts
 e - 6 poisoned darts
Armour
 i - a +0 pair of gloves (worn)
Jewellery
 d - an amulet of reflection (around neck)
Scrolls
 j - a scroll of identify
 l - a scroll of teleportation
Potions
 f - 2 potions of flight
 h - 2 potions of curing
 k - a potion of resistance


   Skills:
 * Level 3.9 Fighting
 + Level 1.6(2.8) Axes
 + Level 3.5(3.7) Polearms
 * Level 2.7 Throwing
 * Level 3.0 Dodging
 + Level 3.1 Stealth
 + Level 0.3 Unarmed Combat
 + Level 4.0 Spellcasting
 + Level 0.3 Conjurations
 + Level 0.2 Summonings
 + Level 2.9 Transmutations
 + Level 0.9 Air Magic
 + Level 4.5 Poison Magic


You had 8 spell levels left.
You knew the following spells:

 Your Spells              Type           Power      Damage    Failure   Level
a - Sting                 Tmut/Pois      60%        1d6       3%          1
b - Poisonous Vapours     Pois/Air       22%        N/A       9%          2
c - Searing Ray           Conj           8%         3d3       22%         2
d - Summon Small Mammal   Summ           16%        N/A       16%         1
e - Shock                 Conj/Air       20%        1d4       13%         1

Your spell library contained the following spells:

 Spells                   Type           Power      Damage    Failure   Level
 Magic Dart               Conj           16%        1d3       16%         1
 Ignite Poison            Fire/Tmut/Pois 11%        N/A       19%         3
 Static Discharge         Conj/Air       5%         N/A       21%         2
 Call Imp                 Summ           4%         N/A       22%         2
 Mephitic Cloud           Conj/Pois/Air  9%         N/A       22%         3
 Olgreb's Toxic Radiance  Pois           17%        N/A       26%         4
 Swiftness                Air            6%         N/A       34%         3
 Call Canine Familiar     Summ           4%         N/A       41%         3
 Dazzling Flash           Conj/Hex       6%         N/A       43%         3
 Summon Guardian Golem    Hex/Summ       3%         N/A       43%         3
 Airstrike                Air            3%         N/A       75%         4
 Summon Lightning Spire   Summ/Air       5%         N/A       78%         4
 Fulminant Prism          Conj/Hex       1%         3d6       85%         4
 Iskenderun's Mystic Bla  Conj/Tloc      3%         2d3       85%         4
 Summon Ice Beast         Ice/Summ       3%         N/A       85%         4
 Lightning Bolt           Conj/Air       2%         1d14      98%         5


Dungeon Overview and Level Annotations

Branches:
Dungeon (5/15)              Sewer (visited)
 Temple: D:4-7

Altars:

Shops:
D:2 ?   D:5 !


Innate Abilities, Weirdness & Mutations

You can breathe wild blasts of lightning.
Your glossy black scales are hard. (AC +6)
You cannot fit into any form of body armour.
You are resistant to electric shocks. (rElec)
You are cold-blooded and may be slowed by cold attacks.
Your tail ends in a poisonous barb.
A frigid envelope surrounds you and freezes all who hurt you.
You are robust. (+10% HP)


Message History

The killer bee zombie closely misses you.
The killer bee zombie barely misses you.
You closely miss the killer bee zombie.
The killer bee zombie is severely damaged.
The killer bee zombie completely misses you.
The killer bee zombie hits you.
The killer bee zombie resists.
The killer bee zombie is very cold.
The killer bee zombie is severely damaged.
The killer bee zombie hits you but does no damage.
Your magical contamination has completely faded away.
You slash the killer bee zombie! You burn the killer bee zombie.
You destroy the killer bee zombie!
Your Spellcasting skill increases to level 4!
You hear the slow hiss of a distant avalanche of sand.
An orc warrior comes into view.
It is wielding a +0 broad axe and wearing a +1 plate armour of fire resistance.
Found a stone staircase leading down.
You breathe a wild blast of lightning!
You hear a mighty clap of thunder! x2
The orb of electricity explodes!
The orc warrior shouts!
You hear a shout! x2; You hear an angry buzzing noise. x2
You closely miss the orc warrior.
The orc warrior hits you with a +0 broad axe.
The orc warrior is very cold.
The orc warrior is lightly wounded.
You hit the orc warrior but do no damage.
The orc warrior is lightly wounded.
You have got your breath back.
The orc warrior closely misses you.
An orc comes into view. It is wielding a +2 dagger of speed.
You feel very mighty all of a sudden.
The orc warrior hits you with a +0 broad axe!
* * * LOW HITPOINT WARNING * * *
The orc warrior is very cold.
The orc warrior is moderately wounded.
You barely miss the orc warrior.
The orc warrior is moderately wounded.
An orc wizard comes into view. It is wielding a +0 dagger.
You block the orc warrior's attack.
The orc warrior hits you with a +0 broad axe!!
You die...

#.#.#####.#
#.
#.#.......#
#.
#.#########
#. ###.#
#.###.†.#
#.....#.#
#.....###.#
#..........#
#o@.....####
#..o.o......#
#......######
#.......
#.......
#........
#........
#....>....


You could see an orc warrior, an orc wizard and an orc.

Vanquished Creatures
  Grinder (D:4)
  Sigmund (D:2)
  A steam dragon (D:8)
  A hornet zombie (D:4)
  An ogre (D:5)
  A phantom (D:5)
  A kobold brigand (Sewer)
  A bullfrog (D:8)
  A scorpion (D:4)
  A bullfrog zombie (D:5)
  A bullfrog skeleton (D:4)
  A hound (D:4)
  An iguana (D:4)
  A killer bee zombie (D:8)
  A hound skeleton (D:4)
  5 gnolls
  3 adders
  A river rat (Sewer)
  An ufetubus (D:5)
  3 adder skeletons
  3 worms
  2 orcs
  12 ball pythons
  7 bats
  6 endoplasms
  7 giant cockroaches
  5 goblins
  6 hobgoblins
  13 jackals
  A quokka (D:2)
  4 frilled lizards
  8 kobolds
  A quokka skeleton (D:4)
  8 rats
111 creatures vanquished.

Notes
Turn   | Place    | Note
-------+----------+-------------------------------------------
     0 | D:1      | christhawk the Draconian Venom Mage began the quest for the
                  | Orb.
     0 | D:1      | Reached XP level 1. HP: 14/14 MP: 3/3
   156 | D:1      | Reached XP level 2. HP: 13/20 MP: 0/5
   489 | D:1      | Found a faded altar of an unknown god.
   823 | D:1      | Learned a level 2 spell: Poisonous Vapours
   826 | D:1      | Learned a level 2 spell: Searing Ray
   930 | D:1      | Reached XP level 3. HP: 26/26 MP: 4/6
  1291 | D:2      | Gained mutation: A frigid envelope surrounds you and
                  | freezes all who hurt you. [potion of mutation]
  1291 | D:2      | Gained mutation: Your tail ends in a poisonous barb.
                  | [potion of mutation]
  1291 | D:2      | Gained mutation: You are robust. (+10% HP) [potion of
                  | mutation]
  1606 | D:2      | Noticed Sigmund
  1690 | D:2      | Reached skill level 1 in Fighting
  1716 | D:2      | Reached XP level 4. HP: 34/38 MP: 7/7
  1725 | D:2      | Killed Sigmund
  1726 | D:2      | Reached skill level 1 in Axes
  1726 | D:2      | Reached XP level 5. HP: 14/46 MP: 7/9
  1729 | D:2      | HP: 2/46 [gnoll/+0 flail (3)]
  2169 | D:2      | Found Hing's Magic Scroll Shoppe.
  2178 | D:2      | Bought a scroll of identify for 20 gold pieces
  2367 | D:3      | Reached XP level 6. HP: 49/53 MP: 10/10
  2490 | D:3      | Found a glowing drain.
  2510 | Sewer    | Entered a sewer
  2703 | Sewer    | Found a glowing silver altar of Zin.
  3505 | D:3      | Reached skill level 1 in Polearms
  3764 | D:4      | Noticed Grinder
  3772 | D:4      | Paralysed by Grinder for 4 turns
  3778 | D:4      | Killed Grinder
  3779 | D:4      | Reached skill level 1 in Throwing
  3779 | D:4      | Your scales start taking on a glossy black colour.
  3779 | D:4      | Reached XP level 7. HP: 36/62 MP: 10/12
  3779 | D:4      | Gained mutation: You are resistant to electric shocks.
                  | (rElec) [Black Draconian growth]
  4201 | D:4      | Identified a scroll of acquirement
  4201 | D:4      | Acquired the +10 halberd "Tormentor" {flame, rPois Stlth+}
  4903 | D:5      | Entered Level 5 of the Dungeon
  4994 | D:5      | Learned a level 1 spell: Summon Small Mammal
  5034 | D:5      | Learned a level 1 spell: Shock
  5093 | D:5      | Reached XP level 8. HP: 35/72 MP: 9/13
  5284 | D:5      | Found Odecsyorgh's Distillery.
  5314 | D:5      | Bought a potion of resistance for 120 gold pieces
  5318 | D:5      | You fall into a shaft and drop 3 floors!
  5430 | D:8      | Mangled by an orc warrior

Illustrated notes

Levels and vault maps discovered:
D:1:      lemuel_arrival_behind_the_door_large, layout_loops_ring,
          chequers_ecumenical_altar_simple_redux
D:2:      layout_rooms, serial_shops, shop_scrolls, uniq_sigmund
D:3:      layout_basic, cheibrodos_sewer_entry_drain, grunt_ministairs_4,
          st_stairs_5, minmay_box_of_dots
D:4:      layout_gridville, uniq_grinder
D:5:      layout_basic, serial_shops, nicolae_shop_statue_plus,
          nicolae_shop_stone, nicolae_shop_stone, st_stairs_9,
          corexii_hall_statues_t, minmay_a_box_with_orc_wizards_in_it
D:8:      layout_basic, chequers_temple_overflow_statue_of_worship,
          lair_entry_dummy, serial_shops, shop, kennysheep_mini, shop,
          nicolae_ossuary_entry_giza

Skill      XL: |  1  2  3  4  5  6  7  8 |
---------------+-------------------------+-----
Fighting       | 1 2 3 |  3.9
Stealth        | 2 3 |  3.1
Dodging        | 2 3 |  3.0
Axes           | 1 |  1.6
Transmutations | 2 |  2.9
Poison Magic   | 4 |  4.5
Spellcasting   | 3 4 |  4.0
Polearms       | 2 3 |  3.5
Throwing       | 1 2 |  2.7
Unarmed Combat | |  0.3
Conjurations   | |  0.3
Summonings     | |  0.2
Air Magic      | |  0.9

Action                   |  1- 3 |  4- 6 |  7- 9 || total
-------------------------+-------+-------+-------++-------
Melee: Unarmed           |     6 |       |       ||     6
       Tailslap          |     5 |    12 |     4 ||    21
       Hand axe          |    51 |    10 |       ||    61
       Scythe            |       |    64 |    18 ||    82
       Halberd           |       |       |    36 ||    36
 Cast: Sting             |    27 |    19 |    10 ||    56
       Poisonous Vapours |     2 |       |     6 ||     8
       Searing Ray       |       |     1 |       ||     1
       Summon Small Mamm |       |       |     2 ||     2
       Shock             |       |       |     4 ||     4
 Abil: Breathe Lightning |       |       |     1 ||     1
  Use: Potion            |     3 |     2 |     2 ||     7
       Scroll            |       |     5 |     4 ||     9
 Stab: Distracted        |     1 |       |       ||     1
       Sleeping          |       |     1 |     3 ||     4
Armor: Skin              |    20 |    33 |    12 ||    65
Dodge: Dodged            |    42 |    68 |    29 ||   139
Block: Other             |       |       |     2 ||     2

Table legend: (Time is in decaauts)
 A = Elapsed time spent in this place.
 B = Non-inter-level travel time spent in this place.
 C = Inter-level travel time spent in this place.
 D = Time resting spent in this place.
 E = Time spent auto-exploring this place.
 F = Levels seen in this place.
 G = Mean time per level.
                   A        B        C        D        E       F      G
               +--------+--------+--------+--------+--------+-----+--------+
         Total |   5541 |   5400 |    141 |   1573 |   2940 |   7 |  791.6 |
       Dungeon |   5251 |   5110 |    141 |   1470 |   2820 |   6 |  875.2 |
         Sewer |    290 |    290 |      0 |    103 |    119 |   1 |  290.0 |
               +--------+--------+--------+--------+--------+-----+--------+

Top non-repeatable levels by time:
     D:4: 1323 daAuts
     D:1: 1256 daAuts
     D:3: 1087 daAuts
     D:2: 1049 daAuts
     D:5: 419 daAuts
   Sewer: 290 daAuts
     D:8: 115 daAuts
